 Dungeon Crawl Stone Soup version 0.28.0-47-ge53b351184 (webtiles) character file.

Game seed: 8902120402836348409

779 101zpm the Gusty (level 7, -9/51 HPs)
             Began as a Gnoll Air Elementalist on Apr 25, 2022.
             Mangled by a two-headed ogre
             ... wielding a +0 giant club
              (25 damage)
             ... on level 4 of the Dungeon.
             The game lasted 00:14:18 (7147 turns).

101zpm the Gusty (Gnoll Air Elementalist)           Turns: 7147, Time: 00:14:19

Health: -9/51      AC:  5    Str:  8    XL:     7   Next: 85%
Magic:  1/15       EV: 13    Int: 16    God:
Gold:   162        SH:  0    Dex: 12    Spells: 4/17 levels left

rFire   . . .      SeeInvis .   p - +8 frozen axe "Frostbite" {freezing cloud, *Noise Fly rC+}
rCold   + . .      Faith    .   (shield currently unavailable)
rNeg    . . .      Spirit   .   s - +0 robe {Will+}
rPois   .          Reflect  .   a - +0 helmet
rElec   .          Harm     .   u - +1 cloak {Will+}
rCorr   .          Rampage  .   (no gloves)
Will    ++...                   (no boots)
Stlth   +++.......              (no amulet)
HPRegen 0.17/turn               (no ring)
MPRegen 0.14/turn               (no ring)

@: flying
A: fangs 1, strong nose, distributed training
a: no special abilities


You were on level 4 of the Dungeon.
You visited 1 branch of the dungeon, and saw 5 of its levels.

You collected 162 gold pieces.

Inventory:

Hand Weapons
 p - the +8 frozen axe "Frostbite" (weapon) {freezing cloud, *Noise Fly rC+}
   (You took it off an orc on level 5 of the Dungeon)

   It freezes those it strikes, dealing additional cold damage.
   It can also slow down cold-blooded creatures.
   It occasionally leaves clouds of freezing vapour upon striking a foe.
   It grants immunity to clouds of freezing vapour.
   rC:        It protects you from cold.
   Fly:       It grants you flight.
   *Noise:    It may make noises in combat.
Armour
 a - a +0 helmet (worn)
 s - a +0 robe of willpower (worn)
 t - a +0 buckler
 u - a +1 cloak of willpower (worn)
Scrolls
 b - 2 scrolls of magic mapping {unknown}
 c - 2 scrolls of amnesia {unknown}
 d - a scroll of enchant weapon {unknown}
 e - a scroll of noise {unknown}
 f - a scroll of enchant armour {unknown}
 j - 2 scrolls of teleportation {unknown}
 k - 2 scrolls of identify {unknown}
 n - a scroll of brand weapon {unknown}
 o - a scroll of fog {unknown}
Potions
 g - 2 potions of curing {unknown}
 i - a potion of magic {unknown}
 l - a potion of mutation {unknown}
 m - a potion of might {unknown}
 q - a potion of haste {unknown}
 r - a potion of attraction {unknown}


   Skills:
 + Level 2.7 Fighting
 + Level 2.7 Short Blades
 + Level 2.7 Long Blades
 + Level 2.7 Axes
 + Level 2.7 Maces & Flails
 + Level 2.7 Polearms
 + Level 2.7 Staves
 + Level 2.7 Slings
 + Level 2.7 Bows
 + Level 2.7 Crossbows
 + Level 2.7 Throwing
 + Level 2.7 Armour
 + Level 5.4 Dodging
 + Level 5.0 Stealth
 + Level 2.7 Shields
 + Level 2.7 Unarmed Combat
 + Level 5.7 Spellcasting
 + Level 3.1 Conjurations
 + Level 2.2 Hexes
 + Level 2.2 Summonings
 + Level 2.2 Necromancy
 + Level 2.2 Translocations
 + Level 2.2 Transmutations
 + Level 2.2 Fire Magic
 + Level 2.2 Ice Magic
 + Level 5.9 Air Magic
 + Level 2.2 Earth Magic
 + Level 2.2 Poison Magic
 + Level 3.0 Invocations
 + Level 2.7 Evocations


You had 4 spell levels left.
You knew the following spells:

 Your Spells              Type           Power      Damage    Failure   Level
a - Shock                 Conj/Air       76%        1d7       2%          1
b - Static Discharge      Conj/Air       19%        N/A       3%          2
c - Swiftness             Air            23%        N/A       3%          3
d - Airstrike             Air            11%        N/A       12%         4
e - Portal Projectile     Hex/Tloc       22%        N/A       17%         3

Your spell library contained the following spells:

 Spells                   Type           Power      Damage    Failure   Level
 Blade Hands              Tmut           5%         N/A       83%         5
 Excruciating Wounds      Necr           5%         N/A       83%         5


Dungeon Overview and Level Annotations

Branches:
Dungeon (5/15)
 Temple: D:4-7

Altars:
Elyvilon
Vehumet
Wu Jian
Yredelemnul
Beogh

Annotations:
D:3 3 runed translucent doors, Sobaton's ghost, amateur DsAK


Innate Abilities, Weirdness & Mutations

You have very sharp teeth.
Your uncanny sense of smell can sniff out nearby items.
Your experience applies equally to all skills.


Message History

Aim: a two-headed ogre, wielding a +0 giant club and a +0 giant spiked club (wandering, hasn't noticed you, empty space bonus: 5/8)
The air twists around and strikes the two-headed ogre!
The two-headed ogre shouts in stereo!
The two-headed ogre is lightly wounded.
Casting: Airstrike (quite dangerous; 12% risk of failure)
Confirm with . or Enter, or press ? or * to list all spells.
The spell is quite dangerous to miscast (12% risk of failure)!
Continue anyway?
Aiming: Airstrike (quite dangerous; 12% risk of failure)
Press: ? - help, Dir - move target, f/p - two-headed ogre
Aim: a two-headed ogre, wielding a +0 giant club and a +0 giant spiked club (lightly wounded, empty space bonus: 8/8)
The air twists around and strikes the two-headed ogre!
The two-headed ogre is moderately wounded.
Casting: Airstrike (quite dangerous; 12% risk of failure)
Confirm with . or Enter, or press ? or * to list all spells.
The spell is quite dangerous to miscast (12% risk of failure)!
Continue anyway?
Aiming: Airstrike (quite dangerous; 12% risk of failure)
Press: ? - help, Dir - move target, f/p - two-headed ogre
Aim: a two-headed ogre, wielding a +0 giant club and a +0 giant spiked club (moderately wounded, empty space bonus: 8/8)
The air twists around and strikes the two-headed ogre!
The two-headed ogre is severely wounded.
Casting: Airstrike (quite dangerous; 12% risk of failure)
Confirm with . or Enter, or press ? or * to list all spells.
You don't have enough magic to cast this spell.
Unknown command.
The zap hits the two-headed ogre.
The two-headed ogre is severely wounded.
The zap hits the two-headed ogre.
The two-headed ogre is severely wounded.
The zap hits the two-headed ogre.
The two-headed ogre is almost dead.
You hit the two-headed ogre. You freeze the two-headed ogre.
The two-headed ogre is almost dead.
The two-headed ogre hits you with a +0 giant club!
The two-headed ogre misses you.
You hit the two-headed ogre. You freeze the two-headed ogre.
The two-headed ogre is almost dead.
The two-headed ogre closely misses you.
The two-headed ogre hits you with a +0 giant spiked club!!
The two-headed ogre hits you with a +0 giant club!!
You die...

...#.....#....'..........♣..♣♣...
...#'###+######.......^..♣.♣♣♣##O
........................#♣..♣♣##.
........................#♣♣.♣♣...
........................# ♣..♣...
........................# ♣..♣...
........................#♣♣.P♣...
........................#.♣.♣♣###
'####.....######@########.....###
....#.....#.....O................
....#.....#......................
....#.....#......................
....#.....#.....................#
....#.....#.....................#
#####.....#.....................#
....#.....#.....................#
....#.....###'#######..#######.##


You could see a two-headed ogre.

Vanquished Creatures
  Sigmund (D:3)
  An ogre (D:5)
  A howler monkey (D:5)
  A centaur zombie (D:5)
  2 jellies
  Crazy Yiuf (D:3)
  2 orc priests (D:3)
  A centaur skeleton (D:5)
  Jessica (D:2)
  An orc wizard (D:5)
  A scorpion zombie (D:5)
  Terence (D:1)
  A hound zombie (D:5)
  A hound skeleton (D:4)
  6 adders
  A river rat (D:3)
  A white imp (D:5)
  2 adder skeletons (D:4)
  A worm (D:3)
  2 dart slugs
  7 orcs
  5 endoplasms
  6 giant cockroaches
  3 goblins
  6 hobgoblins
  2 jackals (D:2)
  3 quokkas
  6 ball pythons
  7 bats
  3 frilled lizards (D:3)
  6 kobolds
  5 rats
88 creatures vanquished.

Vanquished Creatures (others)
  A plant (D:4)
1 creature vanquished.

Grand Total: 89 creatures vanquished

Notes
Turn   | Place    | Note
-------+----------+-------------------------------------------
     0 | D:1      | 101zpm the Gnoll Air Elementalist began the quest for the
                  | Orb.
     0 | D:1      | Reached XP level 1. HP: 13/13 MP: 6/6
   365 | D:1      | Reached XP level 2. HP: 19/19 MP: 4/7
   899 | D:1      | Found a faded altar of an unknown god.
  1005 | D:2      | Noticed Terence
  1008 | D:2      | Noticed Jessica
  1012 | D:2      | Killed Jessica
  1013 | D:2      | Reached skill level 5 in Spellcasting
  1013 | D:2      | Reached skill level 1 in Invocations
  1013 | D:2      | Reached XP level 3. HP: 14/25 MP: 0/9
  1074 | D:1      | Killed Terence
  1075 | D:1      | Reached skill level 1 in Fighting
  1075 | D:1      | Reached skill level 1 in Short Blades
  1075 | D:1      | Reached skill level 1 in Long Blades
  1075 | D:1      | Reached skill level 1 in Axes
  1075 | D:1      | Reached skill level 1 in Maces & Flails
  1075 | D:1      | Reached skill level 1 in Polearms
  1075 | D:1      | Reached skill level 1 in Staves
  1075 | D:1      | Reached skill level 1 in Slings
  1075 | D:1      | Reached skill level 1 in Bows
  1075 | D:1      | Reached skill level 1 in Crossbows
  1075 | D:1      | Reached skill level 1 in Throwing
  1075 | D:1      | Reached skill level 1 in Armour
  1075 | D:1      | Reached skill level 1 in Shields
  1075 | D:1      | Reached skill level 1 in Unarmed Combat
  1075 | D:1      | Reached skill level 1 in Evocations
  1075 | D:1      | Reached XP level 4. HP: 11/32 MP: 2/11
  2094 | D:2      | Reached skill level 1 in Hexes
  2094 | D:2      | Reached skill level 1 in Summonings
  2094 | D:2      | Reached skill level 1 in Necromancy
  2094 | D:2      | Reached skill level 1 in Translocations
  2094 | D:2      | Reached skill level 1 in Transmutations
  2094 | D:2      | Reached skill level 1 in Fire Magic
  2094 | D:2      | Reached skill level 1 in Ice Magic
  2094 | D:2      | Reached skill level 1 in Earth Magic
  2094 | D:2      | Reached skill level 1 in Poison Magic
  2621 | D:3      | Reached XP level 5. HP: 37/37 MP: 5/12
  2713 | D:3      | Noticed Sigmund
  2843 | D:3      | Found a runed translucent gate.
  3145 | D:3      | Found a runed translucent gate.
  3146 | D:3      | Found a runed translucent gate.
  3148 | D:3      | Noticed Sobaton's ghost (amateur DsAK)
  3148 | D:3      | Identified the +8 dagger of the Two Names {drain, rC+}
  3674 | D:3      | Found a runed translucent door.
  3675 | D:3      | Noticed Crazy Yiuf
  4365 | D:4      | Reached XP level 6. HP: 44/44 MP: 8/13
  4744 | D:4      | Found an ornate altar of the Wu Jian Council.
  4744 | D:4      | Noticed a two-headed ogre
  4769 | D:5      | Entered Level 5 of the Dungeon
  5099 | D:5      | Reached skill level 5 in Dodging
  5115 | D:4      | Learned a level 2 spell: Static Discharge
  5119 | D:4      | Learned a level 3 spell: Swiftness
  5124 | D:4      | Learned a level 4 spell: Airstrike
  5128 | D:4      | Learned a level 3 spell: Portal Projectile
  5665 | D:5      | Reached XP level 7. HP: 51/51 MP: 7/15
  6101 | D:5      | Found a radiant altar of Vehumet.
  6189 | D:5      | Found a white marble altar of Elyvilon.
  6193 | D:5      | Found a basalt altar of Yredelemnul.
  6573 | D:3      | Killed Sigmund
  6574 | D:3      | Reached skill level 5 in Stealth
  7017 | D:3      | Killed Crazy Yiuf
  7147 | D:4      | Mangled by a two-headed ogre

Illustrated notes

Levels and vault maps discovered:
D:1:      matt_arrival_grand_opening, layout_basic,
          dilly_ecumenical_altar_fadedgnrine, serial_bayou_pond_e, minivault_25,
          minivault_27, item_on_display_b
D:2:      layout_basic, grunt_ministairs_10, uniq_jessica, uniq_terence
D:3:      layout_loops_ring, gup_sewer_entry_spiral, biasface_ghost_orc_armoury,
          uniq_sigmund, uniq_crazy_yiuf_cottage
D:4:      layout_gridville, mainiacjoe_overflow_surrounded_room, serial_forest,
          infiniplex_forest_zigzag_1, infiniplex_forest_straight_5,
          infiniplex_forest_clump_double, infiniplex_forest_straight_1,
          infiniplex_forest_clump_long, infiniplex_forest_clump_medium
D:5:      layout_cave_pools, minitemple

Skill      XL: |  1  2  3  4  5  6  7 |
---------------+----------------------+-----
Conjurations   | 2 3 |  3.1
Spellcasting   | 5 |  5.7
Invocations    | 1 2 3 |  3.0
Fighting       | 1 2 |  2.7
Short Blades   | 1 2 |  2.7
Long Blades    | 1 2 |  2.7
Axes           | 1 2 |  2.7
Maces & Flails | 1 2 |  2.7
Polearms       | 1 2 |  2.7
Staves         | 1 2 |  2.7
Slings         | 1 2 |  2.7
Bows           | 1 2 |  2.7
Crossbows      | 1 2 |  2.7
Throwing       | 1 2 |  2.7
Armour         | 1 2 |  2.7
Shields        | 1 2 |  2.7
Unarmed Combat | 1 2 |  2.7
Evocations     | 1 2 |  2.7
Hexes          | 1 2 |  2.2
Summonings     | 1 2 |  2.2
Necromancy     | 1 2 |  2.2
Translocations | 1 2 |  2.2
Transmutations | 1 2 |  2.2
Fire Magic     | 1 2 |  2.2
Ice Magic      | 1 2 |  2.2
Earth Magic    | 1 2 |  2.2
Poison Magic   | 1 2 |  2.2
Dodging        | 5 |  5.4
Stealth        | 5 |  5.0
Air Magic      | |  5.9

Action                   |  1- 3 |  4- 6 |  7- 9 || total
-------------------------+-------+-------+-------++-------
Melee: Unarmed           |     3 |       |       ||     3
       Executioner's axe |       |       |    15 ||    15
       Bite              |       |       |     1 ||     1
 Cast: Shock             |    39 |   181 |    30 ||   250
       Airstrike         |       |     1 |     7 ||     8
 Stab: Sleeping          |       |       |     1 ||     1
Armor: Robe              |     1 |     7 |     6 ||    14
Dodge: Dodged            |    12 |    15 |    27 ||    54
